 Dungeon Crawl Stone Soup version 0.31.0-4-g52a2dc7128 (webtiles) character file.

Game seed: 5464331959378393681

1915 Deca the Trooper (level 8, -4/57 (71) HPs)
             Began as a Yellow Draconian Shapeshifter on Jan 22, 2024.
             Was an Initiate of Ru.
             Slain by Jeremiah
             ... wielding a +4 trident of draining
              (13 damage)
             ... on level 7 of the Dungeon.
             The game lasted 00:21:40 (6927 turns).

Deca the Trooper (Yellow Draconian Shapeshifter)    Turns: 6927, Time: 00:21:40

HP:   -4/57 (71)    AC:  6    Str: 18    XL:     8   Next: 95%
MP:   8/8           EV: 14    Int: 10    God:    Ru [......]
Gold: 352           SH:  0    Dex: 12    Spells: 7/7 levels left

rFire   . .          .
                       - Unarmed
rCold   . . .        (no shield)
rNeg    . . .        (body armour unavailable)
rPois   .            (helmet currently unavailable)
rElec   .            (cloak currently unavailable)
rCorr   +            (gloves currently unavailable)
SInv    .            (boots currently unavailable)
Will    .....        (no amulet)
Stlth   +            (no ring)
HPRegen 0.29/turn    (no ring)
MPRegen 0.11/turn

%: no passive effects
@: beast-form, heavily drained
A: beast (slay +3), spit acid, AC +6, unfitting armour, cold-blooded, acid
resistance
a: Breathe Acid, Begin Untransformation, Renounce Religion, Sacrifice Artifice,
Sacrifice Nimbleness, Sacrifice Love, Reject Sacrifices


You were on level 7 of the Dungeon.
You worshipped Ru.
Ru was noncommittal.
You were a hulking beast.
You visited 1 branch of the dungeon, and saw 7 of its levels.

You collected 352 gold pieces.

Inventory:

Armour
 p - a +2 cloak of poison resistance
Jewellery
 k - a ring of flight
Talismans
 b - a beast talisman (active)
 l - a serpent talisman
Scrolls
 e - a scroll of torment
 g - a scroll of identify
Potions
 a - 2 potions of lignification
 d - 2 potions of brilliance
 f - a potion of mutation
 h - 6 potions of enlightenment {unknown}
 i - a potion of attraction {unknown}


   Skills:
 * Level 6.8 Fighting
 * Level 5.9 Dodging
 + Level 5.4 Unarmed Combat
 * Level 6.4 Shapeshifting


You had 7 spell levels left.
You didn't know any spells.
Your spell library contained the following spells:

 Spells                   Type           Power      Damage    Failure   Level
 Tukima's Dance           Hex            0%         N/A       75%         3
 Volatile Blastmotes      Fire/Tloc      0%         2d10      75%         3
 Dimensional Bullseye     Hex/Tloc       0%         N/A       98%         4
 Fulminant Prism          Conj/Alch      0%         3d5       98%         4
 Iskenderun's Mystic Bla  Conj/Tloc      0%         2d3       98%         4
 Leda's Liquefaction      Alch/Erth      0%         N/A       98%         4
 Lee's Rapid Deconstruct  Erth           0%         3d4*      100%        5
 Bombard                  Conj/Erth      0%         9d1       100%        6


Dungeon Overview and Level Annotations

Branches:
Dungeon (7/15)             Temple (0/1) D:7

Altars:
Fedhas
Ru

Shops:
D:6 :

Annotations:
D:7 Jeremiah


Innate Abilities, Weirdness & Mutations

You are a hulking beast.
Your limbs bulge with bestial killing power. (Slay +3)
You can spit globs of acid.
Your golden yellow scales are hard. (AC +6)
You cannot fit into any form of body armour.
You are cold-blooded and may be slowed by cold attacks.
You are resistant to acid. (rCorr)


Message History

You closely miss the butterfly.
The butterfly disappears in a burst of colours!
Jeremiah hits you from afar with a +4 trident of draining!
You feel drained.
You hit the butterfly.
You kill the butterfly!
The butterfly disappears in a burst of colours!
Jeremiah hops!
The butterfly disappears in a burst of colours!
Jeremiah shouts, "O dreadful one, destroy my foe!"
Something smites you!
You punch the butterfly!
You kill the butterfly!
The butterfly disappears in a burst of colours! x2
The butterfly disappears in a burst of colours! x2
You closely miss the butterfly.
Your tail-slap misses the butterfly.
The butterfly disappears in a burst of colours!
The butterfly disappears in a burst of colours! x2
Jeremiah completely misses you.
You punch the butterfly!
You kill the butterfly!
The butterfly disappears in a burst of colours!
Jeremiah hits you from afar with a +4 trident of draining.
You feel drained.
You closely miss the butterfly.
Jeremiah hits you from afar with a +4 trident of draining!
You feel drained.
* * * LOW HITPOINT WARNING * * *
You miss the butterfly. Jeremiah barely misses you.
You hit the butterfly.
You kill the butterfly!
The butterfly disappears in a burst of colours!
Jeremiah hits you from afar with a +4 trident of draining!
* * * LOW HITPOINT WARNING * * *
You feel drained.
* * * LOW HITPOINT WARNING * * *
The butterfly disappears in a burst of colours!
Jeremiah hits you from afar with a +4 trident of draining!
You die...
Jeremiah asks, "Is it over?
Can I wake up now?"

#......................
#.b....................
#.....................$
#...............#######
#........b.b.bb.#
#..........b....#
#............bbb#
#..).........)Fb#########
#......######)##h.......#
#......#......)#b.......#
#..<...#.......#........#
'......#.......#.b......#
#......#...##..#........#
#......#...##..##########
#......#........#
#......#........#
#......'........#


You could see Jeremiah.

Vanquished Creatures
  An orc warrior (D:7)
  A black bear (D:6)
  2 ice beasts
  3 sky beasts
  An ogre (D:5)
  2 centaurs (D:6)
  A kobold brigand (D:6)
  3 scorpions
  A howler monkey (D:5)
  2 bombardier beetles (D:5)
  2 jellies
  A gnoll bouda (D:5)
  8 hounds
  Crazy Yiuf (D:5)
  An iguana (D:5)
  3 orc wizards
  4 gnolls (D:5)
  9 adders
  A shadow imp (D:4)
  A dart slug (D:1)
  4 ribbon worms
  14 orcs
  10 ball pythons
  4 endoplasms
  4 giant cockroaches
  7 goblins
  6 hobgoblins
  7 jackals
  7 kobolds
  2 quokkas
  4 bats
  3 frilled lizards
  3 rats (D:1)
123 creatures vanquished.

Notes
Turn   | Place    | Note
-------+----------+-------------------------------------------
     0 | D:1      | Deca the Draconian Shapeshifter began the quest for the
                  | Orb.
     0 | D:1      | Reached XP level 1. HP: 16/16 MP: 1/1
    50 | D:1      | Found a faded altar of an unknown god.
   250 | D:1      | Reached XP level 2. HP: 22/23 MP: 2/2
   743 | D:2      | Reached XP level 3. HP: 24/29 MP: 3/3
   766 | D:2      | Identified a scroll of acquirement
   766 | D:2      | Acquired the +0 pair of boots of Sunlight {rElec rC+
                  | Stlth+}
  1571 | D:3      | Found a sacrificial altar of Ru.
  1575 | D:3      | Became a worshipper of Ru the Awakened
  1637 | D:3      | Reached XP level 4. HP: 19/37 MP: 4/4
  2618 | D:4      | Reached XP level 5. HP: 41/44 MP: 5/5
  2985 | D:4      | Reached XP level 6. HP: 49/51 MP: 6/6
  3055 | D:4      | Noticed a sky beast
  3096 | D:4      | Killed a sky beast
  3554 | D:5      | Entered Level 5 of the Dungeon
  3566 | D:5      | Noticed an ice beast
  3595 | D:5      | Killed an ice beast
  3596 | D:5      | Your scales start taking on a golden yellow colour.
  3596 | D:5      | Reached XP level 7. HP: 22/60 MP: 7/7
  3596 | D:5      | Gained mutation: You are resistant to acid. (rCorr) [Yellow
                  | Draconian growth]
  4063 | D:5      | Reached skill level 5 in Shapeshifting
  4571 | D:5      | Reached skill level 5 in Fighting
  5023 | D:5      | Found a runed translucent door.
  5024 | D:5      | Noticed Crazy Yiuf
  5034 | D:5      | Killed Crazy Yiuf
  5254 | D:6      | Reached XP level 8. HP: 67/68 MP: 8/8
  5278 | D:6      | Reached skill level 5 in Dodging
  5441 | D:6      | Found Boppir's Book Shoppe.
  5632 | D:6      | Reached skill level 5 in Unarmed Combat
  6281 | D:7      | Found a blossoming altar of Fedhas.
  6563 | D:7      | Found a staircase to the Ecumenical Temple.
  6622 | D:7      | Noticed Jeremiah
  6927 | D:7      | Slain by Jeremiah

Illustrated notes

Levels and vault maps discovered:
D:1:      lemuel_arrival_rhombus, layout_loops_ring,
          chequers_ecumenical_altar_island, hangedman_decor_points,
          kennysheep_small_spiral
D:2:      layout_loops_cross
D:3:      layout_basic, hangedman_ru_absence, serial_corexii_hall,
          chequers_hall_statues_wall_a, corexii_hall_statues_s
D:4:      layout_loops_ring
D:5:      layout_loops_ring, uniq_crazy_yiuf_cottage
D:6:      layout_cave_pods, serial_shops, nicolae_book_shop_shelving
D:7:      layout_gridville, nzn_makhleb_speed_demon, fedhas_altar_3,
          mainiacjoe_overflow_catch_the_wave, temple_statues, uniq_jeremiah

Skill      XL: |  1  2  3  4  5  6  7  8 |
---------------+-------------------------+-----
Dodging        | 2 3 4 5 |  5.9
Fighting       | 2 3 4 5 6 |  6.8
Shapeshifting  | 4 5 6 |  6.4
Unarmed Combat | 4 5 |  5.4

Action                     |  1- 3 |  4- 6 |  7- 9 || total
---------------------------+-------+-------+-------++-------
  Melee: Unarmed           |   126 |   199 |   241 ||   566
         Tailslap          |    10 |    23 |    37 ||    70
         Punch             |     3 |     4 |     8 ||    15
    Use: Scroll            |     6 |     3 |     8 ||    17
         Potion            |       |     1 |     5 ||     6
   Stab: Sleeping          |     1 |       |       ||     1
 Armour: Skin              |    81 |   109 |   145 ||   335
  Dodge: Dodged            |   106 |   104 |   141 ||   351
   Form: Beast             |     1 |       |       ||     1
